 Dungeon Crawl Stone Soup version 0.27-a0-1154-gfdeffcb720 (webtiles) character file.

Game seed: 9089754215193114893

1302 HoaS the Spear-Bearer (level 8, 0/46 HPs)
             Began as a Tengu Berserker on May 14, 2021.
             Was a Priest of Trog.
             Succumbed to an orc wizard's poison
             ... on level 6 of the Dungeon.
             The game lasted 00:11:21 (4974 turns).

HoaS the Spear-Bearer (Tengu Berserker)             Turns: 4974, Time: 00:11:21

Health: 0/46       AC: 10    Str: 25    XL:     8   Next: 57%
Magic:  9/9        EV: 10    Int:  7    God:    Trog [***...]
Gold:   153        SH:  0    Dex: 14    Spells: 7/7 levels left

rFire    + . .     SeeInvis .   q - +0 halberd
rCold    . . .     Faith    .   (shield currently unavailable)
rNeg     . . .     Spirit   .   h - +0 chain mail "Enoaqor" {rF+ Str+5}
rPois    .         Reflect  .   (helmet restricted)
rElec    .         Harm     .   (no cloak)
rCorr    .         Rampage  .   l - +1 pair of gloves
Will     .....                  (boots unavailable)
Stlth    ..........             (no amulet)
HPRegen  0.15/turn              (no ring)
MPRegen  0.11/turn              (no ring)

@: lethally poisoned (0 -> -23), flying quickly and evasively, quick
A: beak, talons 3, nimble flight
a: Renounce Religion, Berserk, Trog's Hand


You were on level 6 of the Dungeon.
You worshipped Trog.
Trog was most pleased with you.
You visited 1 branch of the dungeon, and saw 7 of its levels.

You collected 153 gold pieces.

Inventory:

Hand Weapons
 q - a +0 halberd (weapon)
Armour
 h - the +0 chain mail "Enoaqor" (worn) {rF+ Str+5}
   (You found it on level 4 of the Dungeon)

   It affects your strength (+5).
   It protects you from fire.
 l - a +1 pair of gloves (worn)
Wands
 k - a wand of charming (11)
 n - a wand of paralysis (7)
Scrolls
 c - 2 scrolls of teleportation
Potions
 b - a potion of brilliance {unknown}
 d - 4 potions of curing
 g - a potion of lignification {unknown}
 i - 2 potions of heal wounds {unknown}
 j - a potion of haste {unknown}


   Skills:
 - Level 3.0 Fighting
 + Level 11.4 Polearms
 - Level 2.1 Armour
 - Level 2.1 Dodging


You had 7 spell levels left.
You didn't know any spells.
Your spell library was empty.

Dungeon Overview and Level Annotations

Branches:
Dungeon (7/15)             Temple (0/1) D:4

Altars:
Elyvilon
Ru
Sif Muna
Uskayaw
Yredelemnul


Innate Abilities, Weirdness & Mutations

You have a beak for a mouth.
You have claws for feet.
Your magical nature lets you fly swiftly and evasively.


Message History

You impale the bullfrog skeleton!!
You destroy the bullfrog skeleton!
Trog accepts your kill.
You feel sick. Something hits you but does no damage.
The orc closely misses you.
You bump into the rock wall.
You feel sick. Something completely misses you. The orc barely misses you.
You completely miss something. Your kick misses something.
Your peck misses something.
You feel sick. Something hits you but does no damage.
You are more poisoned.
You miss something. Your kick misses something. Your peck misses something.
You feel sick. The orc closely misses you.
Something hits you but does no damage.
You feel less confused.
You feel very sick. Something hits you but does no damage.
You are more poisoned.
You feel very sick.
You feel very sick.
You barely miss the orc. Your peck misses the orc.
* * * LOW HITPOINT WARNING * * *
You feel very sick. Something hits you but does no damage.
You are lethally poisoned!
The orc misses you.
You slash the orc!
You kill the orc!
Trog accepts your kill.
* * * LOW HITPOINT WARNING * * *
You feel very sick. Something hits you but does no damage.
You are more poisoned.
* * * LOW HITPOINT WARNING * * *
You feel very sick. Something hits you but does no damage.
You are more poisoned.
Things that are here:
a +0 falchion; an orc corpse You die...

# #.# ..
#.######
.###...).>#
.......@).#
########).#
#..#
#.........
#.........
#....#####
#....#
......
#.#..##


There were no monsters in sight!

Vanquished Creatures
  Pikel (D:5)
  An ogre (D:5)
  A lemure (D:5)
  A phantom (D:3)
  A scorpion (D:4)
  2 howler monkeys (D:4)
  A bullfrog zombie (D:5)
  2 hounds
  A bullfrog skeleton (D:6)
  2 orc priests (D:4)
  A gnoll shaman (D:4)
  2 iguanas
  4 orc wizards (D:4)
  5 gnolls (D:4)
  5 adders
  3 dart slugs
  6 orcs
  8 ball pythons
  7 bats
  7 endoplasms
  2 giant cockroaches
  3 goblins
  12 hobgoblins
  7 jackals (D:3)
  4 quokkas
  3 frilled lizards
  A jackal skeleton (D:4)
  8 kobolds
  7 rats
108 creatures vanquished.

Vanquished Creatures (others)
  A plant (D:3)
  4 toadstools (D:1)
5 creatures vanquished.

Grand Total: 113 creatures vanquished

Notes
Turn   | Place    | Note
-------+----------+-------------------------------------------
     0 | D:1      | HoaS the Tengu Berserker began the quest for the Orb.
     0 | D:1      | Reached XP level 1. HP: 14/14 MP: 2/2
    64 | D:1      | Reached XP level 2. HP: 7/19 MP: 3/3
   344 | D:1      | Reached skill level 4 in Polearms
   717 | D:1      | Reached XP level 3. HP: 15/23 MP: 4/4
  1071 | D:2      | Reached ** piety under Trog
  1206 | D:2      | Reached skill level 5 in Polearms
  1428 | D:2      | Found a faded altar of an unknown god.
  1731 | D:2      | Reached XP level 4. HP: 28/28 MP: 5/5
  2084 | D:3      | Noticed a phantom
  2100 | D:3      | Killed a phantom
  2101 | D:3      | Reached skill level 6 in Polearms
  2101 | D:3      | Gained mutation: Your magical nature lets you fly swiftly
                  | and evasively. [Tengu growth]
  2101 | D:3      | Reached XP level 5. HP: 17/32 MP: 6/6
  2825 | D:3      | Found a sacrificial altar of Ru.
  2933 | D:4      | Reached skill level 7 in Polearms
  2933 | D:4      | Reached XP level 6. HP: 27/37 MP: 7/7
  3225 | D:3      | Reached *** piety under Trog
  3452 | D:4      | Found a staircase to the Ecumenical Temple.
  3469 | D:4      | Reached skill level 8 in Polearms
  3554 | D:4      | Reached XP level 7. HP: 41/41 MP: 8/8
  3739 | D:4      | Found a white marble altar of Elyvilon.
  3744 | D:4      | Found a shimmering blue altar of Sif Muna.
  3748 | D:4      | Found a basalt altar of Yredelemnul.
  3843 | D:4      | Reached skill level 9 in Polearms
  3863 | D:4      | Found a hide-covered altar of Uskayaw.
  4112 | D:5      | Entered Level 5 of the Dungeon
  4540 | D:4      | Identified the +0 chain mail "Enoaqor" {rF+ Str+5}
  4667 | D:5      | Noticed Pikel
  4672 | D:5      | Killed Pikel
  4673 | D:5      | Reached skill level 10 in Polearms
  4673 | D:5      | Reached XP level 8. HP: 46/46 MP: 9/9
  4786 | D:5      | Reached skill level 11 in Polearms
  4923 | D:5      | You are sucked into a shaft and drop 2 floors!
  4974 | D:6      | Succumbed to an orc wizard's poison

Illustrated notes

Levels and vault maps discovered:
D:1:      ldierk_walled_garden_2, layout_rooms, minivault_26
D:2:      kennysheep_six_static_rooms, layout_loops_ring,
          hellmonk_ecumenical_altar_pennies_from_heaven, minivault_25,
          corner_web_ring
D:3:      layout_rooms, nicolae_ru_the_path_less_chosen
D:4:      layout_cave_pools, nicolae_uskayaw_dance_hall,
          grunt_temple_overflow_diamond, temple_statues,
          minmay_a_box_with_orc_wizards_in_it
D:5:      layout_loops_ring, serial_shops, nicolae_shop_stone,
          nrook_loot_triangle, uniq_pikel
D:6:      layout_loops_ring, nicolae_overflow_crystal_walls
D:7:      corexii_shack_village, layout_basic, grunt_temple_overflow_opulence,
          general_overflow_altar, serial_undead, serial_undead_e,
          serial_undead_f, serial_undead_d, serial_undead_d, serial_undead_f,
          serial_undead_b

Skill      XL: |  1  2  3  4  5  6  7  8 |
---------------+-------------------------+-----
Polearms       | 4 5 6 7 8 10 11 | 11.4
Fighting       | |  3.0
Armour         | |  2.1
Dodging        | |  2.1

Action                   |  1- 3 |  4- 6 |  7- 9 || total
-------------------------+-------+-------+-------++-------
Melee: Spear             |    96 |    76 |       ||   172
       Kick              |    19 |    35 |    19 ||    73
       Peck              |    10 |    24 |    10 ||    44
       Trident           |       |    47 |    24 ||    71
       Halberd           |       |       |    51 ||    51
Throw: Throwing net      |       |       |     1 ||     1
Evoke: Wand              |       |       |     1 ||     1
  Use: Scroll            |     2 |     2 |     5 ||     9
       Potion            |       |     1 |       ||     1
 Stab: Held in net/web   |       |       |     1 ||     1
Armor: Animal skin       |     9 |       |       ||     9
       Ring mail         |    11 |    24 |    10 ||    45
       Chain mail        |       |       |    15 ||    15
Dodge: Dodged            |    36 |    53 |    32 ||   121

Table legend: (Time is in decaauts)
 A = Elapsed time spent in this place.
 B = Non-inter-level travel time spent in this place.
 C = Inter-level travel time spent in this place.
 D = Time resting spent in this place.
 E = Time spent auto-exploring this place.
 F = Levels seen in this place.
 G = Mean time per level.
                   A        B        C        D        E       F      G
               +--------+--------+--------+--------+--------+-----+--------+
         Total |   4814 |   4558 |    256 |   1893 |   2029 |   7 |  687.7 |
       Dungeon |   4814 |   4558 |    256 |   1893 |   2029 |   7 |  687.7 |
               +--------+--------+--------+--------+--------+-----+--------+

Top non-repeatable levels by time:
     D:4: 1371 daAuts
     D:3: 1063 daAuts
     D:2: 1055 daAuts
     D:1: 923 daAuts
     D:5: 354 daAuts
     D:7: 28 daAuts
     D:6: 18 daAuts
